 Dungeon Crawl Stone Soup version 0.24.0-41-g2ae2f7f1be (console) character file.

Game seed: 956654110603425381, levelgen mode: deterministic

47685 Kagalorn the Black Belt (level 14, 0/181 HPs)
             Began as a Pale Draconian Transmuter on Dec 9, 2019.
             Was an Elder of Ashenzari.
             Slain by a soldier ant (7 damage)
             ... on level 5 of the Lair of Beasts on Dec 10, 2019.
             The game lasted 01:24:52 (24564 turns).

Kagalorn the Black Belt (DrTm)                     Turns: 24564, Time: 01:24:52

Health: 0/181      AC: 19    Str:  9    XL:     14   Next: 9%
Magic:  27/28      EV:  2    Int: 27    God:    Ashenzari [****..]
Gold:   1272       SH:  9    Dex: 12    Spells: 19/33 levels left

rFire    . . .     SeeInvis +     - Unarmed
rCold    . . .     Gourm    .   d - +0 buckler
rNeg     + + +     Faith    .   (armour unavailable)
rPois    +         Spirit   .   (helmet currently unavailable)
rElec    .         Reflect  +   (cloak currently unavailable)
rCorr    .         Harm     .   (gloves currently unavailable)
MR       ++...     Clarity  +   (boots currently unavailable) Stlth +.........NoTele +
                                Q - +4 amulet of reflection
HPRegen  0.40/turn              k - +5 ring of intelligence (curse)
MPRegen  0.21/turn              D - ring of Zulaox {rPois MR+ Str-3 Int+3}

@: tree-form, corroded, berserk cooldown, slowed, very slow
A: (breathe steam), unfitting armour, AC +8
a: Curse Item, Scrying, Renounce Religion


You were on level 5 of the Lair of Beasts.
You worshipped Ashenzari.
Ashenzari was greatly pleased with you.
You were not hungry.
You were a tree.
You visited 3 branches of the dungeon, and saw 19 of its levels.
You also visited: Gauntlet.

You collected 1272 gold pieces.

Inventory:

Armour
 a - a +0 shield
 d - a +0 buckler (worn)
 t - a +0 cloak (melded)
 w - a cursed +1 pair of boots (melded)
Jewellery
 f - an uncursed ring of magical power
 k - a cursed +5 ring of intelligence (left branch)
 m - an uncursed ring of stealth
 q - an uncursed ring of flight
 A - a +3 ring of evasion
 C - the ring of Teatreg {Fire rN+++ MR- Dex-5 Stlth+}
   (You took it off a crimson imp on level 8 of the Dungeon)

   [ring of fire]

   It enhances your fire magic.
   It affects your dexterity (-5).
   It protects you from fire.
   It makes you vulnerable to cold.
   It renders you almost immune to negative energy.
   It affects your resistance to hostile enchantments.
   It makes you more stealthy.
 D - the ring of Zulaox (right branch) {rPois MR+ Str-3 Int+3}
   (You found it in a Gauntlet)

   [ring of poison resistance]

   It affects your strength (-3).
   It affects your intelligence (+3).
   It protects you from poison.
   It affects your resistance to hostile enchantments.
 E - an uncursed ring of ice
 I - an uncursed ring of protection from cold
 O - the cursed ring "Vekentes" {rPois EV-2 Dex+6 Slay-2 SInv}
   (You found it in a Gauntlet)

   [ring of evasion]

   It affects your evasion (-2).
   It affects your dexterity (+6).
   It affects your accuracy and damage with ranged weapons and melee attacks
   (-2).
   It protects you from poison.
   It lets you see invisible.
   It has a curse placed upon it.
 Q - a +4 amulet of reflection (around neck)
Wands
 o - a wand of polymorph (16)
 u - a wand of flame (47)
 x - a wand of paralysis (9)
 y - a wand of iceblast (6)
 M - a wand of scattershot (5)
 S - a wand of disintegration (4)
Scrolls
 b - 10 scrolls of amnesia
 e - 5 scrolls of remove curse
 j - 2 scrolls of fog
 l - a scroll of blinking
 n - 5 scrolls of teleportation
 v - 5 scrolls of magic mapping
 H - 3 scrolls of fear
 K - a scroll of silence
 P - a scroll of enchant armour
 R - 3 scrolls of identify
Potions
 g - 7 potions of heal wounds
 i - 3 potions of flight
 p - 5 potions of mutation
 r - a potion of agility
 s - 2 potions of ambrosia
 z - a potion of brilliance
 B - a potion of cancellation
 G - a potion of haste
 J - 5 potions of curing
 L - a potion of might
Miscellaneous
 T - a phantom mirror
Comestibles
 c - 18 rations
 N - 4 chunks of flesh


   Skills:
 + Level 10.2 Fighting
   Level 2.5 Staves
 + Level 6.0 Dodging
 - Level 4.0 Shields
 * Level 15.0 Unarmed Combat
 + Level 10.0 Spellcasting
 - Level 10.0 Transmutations
 - Level 5.0 Ice Magic
 - Level 2.0 Air Magic
 - Level 2.0 Poison Magic


You had 19 spell levels left.
You knew the following spells:

 Your Spells              Type           Power        Failure   Level  Hunger
a - Blade Hands           Tmut           ######....   1%          5    ####...
b - Spider Form           Tmut/Pois      #####.....   1%          3    None
c - Ice Form              Ice/Tmut       ######..     1%          4    None
f - Swiftness             Chrm/Air       ###.....     4%          2    None

Your spell library contained the following spells:

 Spells                   Type           Power        Failure   Level  Hunger
 Beastly Appendage        Tmut           ######       1%          1    None
 Passwall                 Tmut/Erth      #####...     1%          2    None
 Sticks to Snakes         Tmut           ######..     1%          2    None
 Shock                    Conj/Air       ###.         2%          1    None
 Ensorcelled Hibernation  Hex/Ice        ####..       2%          2    None
 Ignite Poison            Fire/Tmut/Pois #####...     2%          3    None
 Corona                   Hex            ##.....      4%          1    None
 Sandblast                Erth           ##....       4%          1    None
 Petrify                  Tmut/Erth      #####...     5%          4    None
 Static Discharge         Conj/Air       ###.....     9%          3    None
 Confuse                  Hex            ##......     13%         3    None
 Dazzling Spray           Conj/Hex       ##....       13%         3    None
 Stone Arrow              Conj/Erth      ##....       13%         3    None
 Tukima's Dance           Hex            ##......     13%         3    None
 Airstrike                Air            ###.......   19%         4    None
 Lightning Bolt           Conj/Air       ###.......   61%         5    ####...
 Fireball                 Conj/Fire      ##........   75%         5    ####...
 Lee's Rapid Deconstruct  Erth           ##........   75%         5    ####...
 Bolt of Fire             Conj/Fire      ##........   100%        6    #####..
 Ring of Flames           Chrm/Fire      ##........   100%        7    #######
 Ignition                 Fire           ##........   100%        8    #######


Dungeon Overview and Level Annotations

Branches:
Dungeon (13/15)            Temple (1/1) D:4            Lair (5/6) D:10
 Shoals (0/4) Lair:4       Spider (0/4) Lair:4          Orc (0/2) D:10
Gauntlet (visited)
  Slime: Lair:5-6    Vaults: D:13-14

Altars:
Ashenzari
Cheibriados
Dithmenos
Elyvilon
Fedhas
Gozag
Hepliaklqana
Kikubaaqudgha
Makhleb
Nemelex Xobeh
Okawaru
Qazlal
Ru
Sif Muna
Trog
Uskayaw
Vehumet
Wu Jian
Xom
Yredelemnul
Zin
The Shining One

Shops:
D:4 %   D:7 [   D:11 %

Annotations:
Lair:4 3 runed translucent doors, iamserjio's ghost, journeyman OpCK


Innate Abilities, Weirdness & Mutations

((You can breathe blasts of scalding, opaque steam.))
((Your pale cyan-grey scales are hard. (AC +8)))
You cannot fit into any form of body armour.
((You are cold-blooded and may be slowed by cold attacks.))


Message History

The soldier ant stings you but does no damage.
You hit the soldier ant but do no damage.
The soldier ant stings you but does no damage.
You hit the soldier ant.
The soldier ant is lightly wounded.
The soldier ant stings you!
* * * LOW HITPOINT WARNING * * *
You hit the soldier ant but do no damage.
The soldier ant is lightly wounded.
The soldier ant stings you.
* * * LOW HITPOINT WARNING * * *
The soldier ant stings you but does no damage.
You smack the soldier ant!
The soldier ant is heavily wounded.
The soldier ant stings you.
* * * LOW HITPOINT WARNING * * *
You hit the soldier ant but do no damage.
The soldier ant is heavily wounded.
The soldier ant stings you!
You die...

...P.................#.....#.....
.......................#...#.....
....#.##.#.................#.....
.P....##.............#.....#.....
....##..##.......................
....##>.###..............P.......
......##..#................P.P...
....#.##.#......†................
PP.............P♣a...........P...
................P.......<...aa...
...#...........P...........aa..#.
.............#.....P.......÷.....
............##...................
.............#...P...............
.............#.....#.............
...........................#...P.
.........P.........P.........#...


You could see a soldier ant.

Vanquished Creatures
  2 entropy weavers
  A minotaur (Gauntlet)
  Snorg (D:10)
  A fire dragon (D:11)
  A death ooze (Gauntlet)
  Harold (D:7)
  Erolcha (D:9)
  3 hydras
  Fannar (D:10)
  An anaconda (Lair:4)
  A catoblepas (Lair:2)
  A two-headed ogre (D:9)
  The ghost of Valentain the Grave Robber, a novice OpNe of Makhleb (D:7)
  2 cyclopes (D:11)
  2 ugly things
  2 deep elf magi
  A moth of wrath (Gauntlet)
  2 manticores
  2 centaur zombies (D:11)
  4 black mambas
  6 spiny frogs
  A smoke demon (Gauntlet)
  A gargoyle (Gauntlet)
  2 kobold demonologists (D:12)
  5 komodo dragons
  A freezing wraith (D:9)
  A rime drake (Lair:4)
  A redback zombie (D:12)
  A red devil (Gauntlet)
  2 trolls
  Prince Ribbit (D:6)
  7 blink frogs
  6 slime creatures (D:12)
  3 hippogriffs (D:10)
  Grinder (D:6)
  2 wraiths
  Sigmund (D:2)
  A spriggan (D:8)
  3 wyverns
  Grum (D:9)
  37 yaks
  2 hungry ghosts
  A vampire mosquito (D:8)
  3 basilisks
  2 wargs (D:10)
  Menkaure (D:7)
  A soldier ant (Lair:5)
  29 water moccasins
  10 porcupines
  4 sky beasts
  3 ice beasts
  2 black bears
  4 orc warriors
  8 ogres
  4 phantoms
  19 wolves
  6 centaurs
  12 crocodiles
  3 big kobolds
  9 bullfrogs
  Blork the orc (D:4)
  A gnoll sergeant (D:8)
  4 scorpions
  4 jellies
  9 wights
  11 killer bees
  3 howler monkeys (D:11)
  3 vampire bats (Lair:4)
  7 crimson imps
  2 bullfrog zombies
  11 orc priests
  8 hounds
  A quasit (D:12)
  4 bullfrog skeletons
  3 centaur skeletons
  5 iguanas
  Ijyb (D:3)
  18 worker ants
  8 orc wizards
  A hound zombie (D:9)
  A howler monkey zombie (D:6)
  2 worker ant zombies
  9 gnolls
  14 adders
  2 shadow imps
  An ooze (D:5)
  An adder skeleton (D:7)
  An adder zombie (D:9)
  2 worms
  2 dart slugs
  8 leopard geckos
  50 orcs
  2 ball pythons
  18 bats
  8 giant cockroaches
  13 goblins
  17 hobgoblins
  10 jackals
  8 quokkas
  4 frilled lizards
  34 kobolds
  A leopard gecko zombie (D:5)
  2 quokka skeletons (D:5)
  A quokka zombie (D:10)
  7 rats
561 creatures vanquished.

Vanquished Creatures (others)
  A human (D:4)
  A killer bee (D:6)
  14 fungi
  23 plants (Lair:4)
39 creatures vanquished.

Grand Total: 600 creatures vanquished

Notes
Turn   | Place    | Note
-------+----------+-------------------------------------------
     0 | D:1      | Kagalorn the Draconian Transmuter began the quest for the
                  | Orb.
     0 | D:1      | Reached XP level 1. HP: 16/16 MP: 3/3
    80 | D:1      | Reached XP level 2. HP: 12/23 MP: 1/5
  1078 | D:2      | Reached skill level 4 in Unarmed Combat
  1096 | D:2      | Reached XP level 3. HP: 28/29 MP: 6/6
  1352 | D:2      | Noticed Sigmund
  1500 | D:3      | Noticed Ijyb
  1518 | D:3      | Killed Ijyb
  1518 | D:3      | Reached XP level 4. HP: 16/36 MP: 5/7
  1772 | D:3      | Reached skill level 5 in Unarmed Combat
  1970 | D:3      | Found a sacrificial altar of Ru.
  2000 | D:3      | Reached XP level 5. HP: 42/42 MP: 6/8
  2886 | D:4      | Noticed Blork the orc
  2930 | D:4      | Killed Blork the orc
  2930 | D:4      | Reached skill level 6 in Unarmed Combat
  2930 | D:4      | Reached XP level 6. HP: 22/50 MP: 9/9
  3264 | D:4      | Reached skill level 7 in Unarmed Combat
  3560 | D:4      | Found Jezot's Food Emporium.
  3800 | D:4      | Found a staircase to the Ecumenical Temple.
  3810 | D:4      | Your scales start taking on a pale cyan-grey colour.
  3810 | D:4      | Reached XP level 7. HP: 51/57 MP: 8/10
  3862 | Temple   | Entered the Ecumenical Temple
  3999 | Temple   | Became a worshipper of Ashenzari the Shackled
  4009 | Temple   | Learned a level 3 spell: Spider Form
  4014 | Temple   | Learned a level 4 spell: Ice Form
  4142 | D:4      | Reached skill level 8 in Unarmed Combat
  4162 | D:4      | Found an ancient bone altar of Kikubaaqudgha.
  4164 | D:4      | Noticed a human
  4164 | D:4      | Killed a human
  4303 | D:5      | Entered Level 5 of the Dungeon
  4305 | D:5      | Found a shattered altar of Ashenzari.
  4392 | D:5      | Reached skill level 1 in Ice Magic
  4392 | D:5      | Reached skill level 1 in Poison Magic
  4937 | D:5      | Reached XP level 8. HP: 66/66 MP: 12/12
  5682 | D:6      | Noticed Grinder
  5781 | D:6      | Paralysed by Grinder for 2 turns
  5786 | D:6      | Killed Grinder
  6761 | D:6      | Found a hide-covered altar of Uskayaw.
  6832 | D:6      | Found a sparkling altar of Nemelex Xobeh.
  7007 | D:6      | Reached skill level 5 in Transmutations
  7116 | D:6      | Reached XP level 9. HP: 5/73 MP: 16/16
  7517 | D:6      | Found an ancient bone altar of Kikubaaqudgha.
  7517 | D:6      | Found a blossoming altar of Fedhas.
  7700 | D:7      | Noticed Prince Ribbit
  7724 | D:6      | Killed Prince Ribbit
  7724 | D:6      | Reached skill level 5 in Fighting
  7724 | D:6      | Reached skill level 5 in Spellcasting
  7793 | D:7      | Found Jeryxuav's Armour Shoppe.
  7903 | D:7      | Reached * piety under Ashenzari
  8238 | D:7      | Found a blossoming altar of Fedhas.
  8251 | D:7      | Learned a level 5 spell: Blade Hands
  8522 | D:7      | Found a runed translucent gate.
  8523 | D:7      | Found a runed translucent gate.
  8523 | D:7      | Noticed Valentain's ghost (novice OpNe)
  8525 | D:7      | Found a runed translucent gate.
  8587 | D:7      | Noticed Menkaure
  8595 | D:7      | Killed Menkaure
  8753 | D:7      | Noticed Harold
  8879 | D:7      | Killed Harold
  9065 | D:8      | Reached skill level 1 in Staves
  9112 | D:8      | Reached XP level 10. HP: 19/81 MP: 17/17
  9560 | D:8      | HP: 4/97 [poisoned by a killer bee]
  9751 | D:8      | Identified the ring of Teatreg {Fire rN+++ MR- Dex-5
                  | Stlth+}
  9927 | D:8      | Reached skill level 1 in Shields
 10334 | D:8      | Reached skill level 9 in Unarmed Combat
 10661 | D:9      | Noticed Grum
 11023 | D:9      | Killed Grum
 11055 | D:9      | Noticed a two-headed ogre
 11076 | D:9      | Killed a two-headed ogre
 11173 | D:9      | Noticed Erolcha
 11193 | D:9      | Killed Erolcha
 11193 | D:9      | Reached skill level 10 in Unarmed Combat
 11289 | D:9      | Reached XP level 11. HP: 86/89 MP: 18/18
 11293 | D:9      | Found an iron altar of Okawaru.
 11311 | D:9      | Found a transporter.
 11312 | D:9      | Found a transporter.
 11319 | D:9      | Found a shadowy altar of Dithmenos.
 11320 | D:9      | Found a snail-covered altar of Cheibriados.
 11692 | D:9      | Found a shimmering altar of Xom.
 11718 | D:9      | Found a hazy altar of Hepliaklqana.
 11720 | D:9      | Found a stormy altar of Qazlal.
 11723 | D:9      | Found an ornate altar of the Wu Jian Council.
 11724 | D:9      | Found a white marble altar of Elyvilon.
 11934 | D:10     | Entered Level 10 of the Dungeon
 11959 | D:10     | Noticed Snorg
 11975 | D:10     | Killed Snorg
 12295 | D:10     | Noticed Fannar
 12361 | D:10     | Killed Fannar
 12361 | D:10     | Reached skill level 5 in Dodging
 12361 | D:10     | Reached skill level 11 in Unarmed Combat
 12582 | D:10     | Found a staircase to the Lair.
 12834 | D:10     | Found a staircase to the Orcish Mines.
 14006 | D:11     | Reached skill level 12 in Unarmed Combat
 14006 | D:11     | Reached skill level 5 in Ice Magic
 14122 | D:11     | Found Kogeloic's Food Shop.
 14162 | D:11     | Reached ** piety under Ashenzari
 14450 | D:11     | Noticed a brown ugly thing
 14456 | D:11     | Killed a brown ugly thing
 14669 | D:11     | Noticed a fire dragon
 14679 | D:11     | Killed a fire dragon
 14878 | D:12     | Reached XP level 12. HP: 100/100 MP: 18/20
 16118 | D:13     | Reached skill level 13 in Unarmed Combat
 16608 | D:2      | Killed Sigmund
 16840 | D:7      | Killed Valentain's ghost
 17077 | Lair:1   | Entered Level 1 of the Lair of Beasts
 17112 | Lair:1   | Noticed an eight-headed hydra
 17128 | Lair:1   | Killed an eight-headed hydra
 18197 | Lair:1   | Reached skill level 10 in Transmutations
 18609 | Lair:2   | Reached *** piety under Ashenzari
 18660 | Lair:2   | Reached XP level 13. HP: 72/107 MP: 18/23
 18719 | Lair:2   | Reached skill level 14 in Unarmed Combat
 18845 | Lair:2   | Found a gate leading to a gauntlet.
 18852 | Gauntlet | Entered a Gauntlet
 18852 | Gauntlet | Found a transporter.
 18852 | Gauntlet | Found a transporter.
 18852 | Gauntlet | Found a transporter.
 18859 | Gauntlet | Found a transporter.
 18868 | Gauntlet | Identified the ring of Doicagg {Str+4 Int+3 Dex+3 Stlth-}
 18869 | Gauntlet | Found a transporter.
 18882 | Gauntlet | Found a transporter.
 18889 | Gauntlet | Found a transporter.
 18892 | Gauntlet | Identified the cursed ring "Vekentes" {rPois EV-2 Dex+6
                  | Slay-2 SInv}
 18907 | Gauntlet | Found a transporter.
 18915 | Gauntlet | Found a transporter.
 18915 | Gauntlet | Noticed a death ooze
 18917 | Gauntlet | Identified the ring of Zulaox {rPois MR+ Str-3 Int+3}
 18935 | Gauntlet | Found a transporter.
 18975 | Gauntlet | Found a transporter.
 18985 | Gauntlet | Found a transporter.
 19155 | Gauntlet | Learned a level 2 spell: Swiftness
 19477 | Gauntlet | Killed a death ooze
 19873 | Gauntlet | Reached skill level 1 in Air Magic
 20005 | Gauntlet | Noticed a minotaur
 20015 | Gauntlet | Killed a minotaur
 21497 | Lair:3   | Reached skill level 15 in Unarmed Combat
 21558 | Lair:3   | Found the +8 whip "Snakebite" {curare, rPois}
 22295 | Lair:4   | Noticed iamserjio's ghost (journeyman OpCK)
 22297 | Lair:4   | Noticed a minotaur
 22425 | Lair:4   | Found a hole to the Spider Nest.
 23035 | Lair:4   | Found a runed translucent gate.
 23035 | Lair:4   | Found a runed translucent gate.
 23035 | Lair:4   | Found a runed translucent gate.
 23576 | Lair:4   | Found a staircase to the Shoals.
 24053 | Lair:5   | Reached **** piety under Ashenzari
 24144 | Lair:5   | Reached XP level 14. HP: 118/118 MP: 27/27
 24162 | Lair:5   | Reached skill level 10 in Spellcasting
 24215 | Lair:5   | Noticed an entropy weaver
 24215 | Lair:5   | Noticed an entropy weaver
 24330 | Lair:4   | Killed an entropy weaver
 24553 | Lair:5   | Killed an entropy weaver
 24553 | Lair:5   | Reached skill level 10 in Fighting
 24562 | Lair:5   | HP: 8/181 [soldier ant (3)]
 24564 | Lair:5   | Slain by a soldier ant

Levels and vault maps discovered:
D:1:      dpeg_arrival_chase, layout_basic, kennysheep_decorative_pillar
D:2:      layout_rooms, minmay_cut_off, uniq_sigmund
D:3:      layout_basic, lemuel_crystal_altar, uniq_ijyb
D:4:      layout_basic, minmay_temple_entry_stoned_glass, first_ration,
          serial_shops, nicolae_shop_behind_doors, tgw_kikubaaqudgha,
          uniq_blork_the_orc
D:5:      layout_basic, nicolae_ashenzari_panopticon
D:6:      corexii_shantytown, layout_basic,
          grunt_temple_overflow_growth_and_decay, old_standard_altar,
          old_standard_altar, uniq_grinder
D:7:      layout_cave_pools, serial_shops, shop, ebering_ghost_rock_garden,
          fedhas_altar_1, uniq_harold, uniq_menkaure, uniq_prince_ribbit1
D:8:      layout_loops_ring, grunt_pizzeria, minmay_manual_monstrance
D:9:      layout_roguey, okawaru_trees_2, minitemple,
          gammafunk_temple_overflow_arena, uniq_erolcha, uniq_grum
D:10:     layout_basic, grunt_lair_entry_orc_guard_hut, david_orc_3, uniq_snorg,
          uniq_fannar
D:11:     layout_layer_cave, serial_shops, nicolae_shop_stone,
          small_chamber_with_monster, hive_lemuel
D:12:     layout_cave_pods, minmay_misc_feat_room
D:13:     layout_roguey
Temple:   nicolae_temple_figure_zero
Lair:1:   layout_hall_layers
Lair:2:   layout_misc_corridors, gauntlet_entry_generic
Lair:3:   minmay_guarded_unrand_snakebite, layout_cave_pods
Lair:4:   beast_lair_carwin_large_3, layout_small_grid,
          minmay_shoals_entry_centaurs, spider_nest_entry_web_field,
          maelrawn_ghost_gauntlet_escape, roderic_batcave
Lair:5:   layout_long_grid, small_statue_intersection, st_stairs_7,
          minmay_another_anthill

Skill      XL: |  1  2  3  4  5  6  7  8  9 10 11 12 13 14 |
---------------+-------------------------------------------+-----
Unarmed Combat | 4 5 6 7 8 10 12 13 15 | 15.0
Fighting       | 2 3 4 5 6 7 8 9 10 | 10.2
Ice Magic      | 1 3 4 5 |  5.0
Poison Magic   | 1 2 |  2.0
Spellcasting   | 4 5 7 9 10 | 10.0
Transmutations | 5 8 9 10 | 10.0
Staves         | 2 |  2.5
Dodging        | 4 5 6 |  6.0
Shields        | 2 4 |  4.0
Air Magic      | 2 |  2.0

Action                   |  1- 3 |  4- 6 |  7- 9 | 10-12 | 13-15 || total
-------------------------+-------+-------+-------+-------+-------++-------
Melee: Unarmed           |   129 |   157 |   422 |   735 |   420 ||  1863
       Kick              |    13 |    10 |       |       |       ||    23
       Tailslap          |    11 |    13 |    32 |    53 |    15 ||   124
       Headbutt          |     5 |    17 |    27 |       |       ||    49
       Punch             |     1 |     3 |     5 |    17 |     8 ||    34
 Cast: Beastly Appendage |    21 |    24 |    34 |     3 |       ||    82
       Spider Form       |       |       |    18 |       |     1 ||    19
       Ice Form          |       |       |     5 |    12 |    14 ||    31
       Blade Hands       |       |       |     3 |    60 |    24 ||    87
       Swiftness         |       |       |       |       |     1 ||     1
Invok: Curse Item        |       |       |     1 |     1 |       ||     2
 Abil: Breathe Steam     |       |       |     1 |       |       ||     1
       End Transformatio |       |       |       |     1 |       ||     1
Evoke: Wand              |       |       |     4 |       |     2 ||     6
  Use: Scroll            |       |       |    10 |    11 |     3 ||    24
       Potion            |       |       |     4 |     1 |     3 ||     8
 Stab: Sleeping          |       |       |       |     2 |       ||     2
  Eat: Chunk             |     2 |     8 |    18 |    22 |    13 ||    63
       Ration            |       |       |     1 |     9 |     3 ||    13
Armor: Skin              |    36 |    35 |   119 |   220 |    84 ||   494
Dodge: Dodged            |    92 |    80 |   234 |   437 |   230 ||  1073
Block: Buckler           |       |       |       |    17 |    36 ||    53
       Other             |       |       |       |       |    41 ||    41
